TOP OF THE 1ST |
Lee's Summit Tigers batting - Pitching for Erie Jaxx : RHP Miguel Ramos
|
Pitching: RHP Miguel Ramos
|
|
Batting: LHB José Guerrero
|
0-0: Ball 1-0: Ball 2-0: Ball 3-0: Base on Balls
|
Batting: RHB Stephen Segura
|
0-0: Ball 1-0: Foul Ball, location: 2F 1-1: Called Strike 1-2: Strikes out swinging
|
Batting: LHB Víctor Piña
|
0-0: Grounds into double play, 5-4-3 (Groundball, 5)
|
Top of the 1st over - 0 runs, 0 hits, 0 errors, 0 left on base; Lee's Summit 0 - Erie 0 |
BOTTOM OF THE 1ST |
Erie Jaxx batting - Pitching for Lee's Summit Tigers : RHP José Hernández
|
Pitching: RHP José Hernández
|
|
Batting: RHB Raoul Alkemade
|
0-0: Swinging Strike 0-1: Ball 1-1: Ball 2-1: Called Strike 2-2: Fly out, F7 (Flyball, 7S)
|
Batting: LHB Juan Vásquez
|
0-0: Foul Ball, location: 2F 0-1: Ground out U3 (Groundball, 34)
|
Batting: RHB Shane Marshall
|
0-0: Foul Ball, location: 2F 0-1: Ground out 4-3 (Groundball, 4)
|
Bottom of the 1st over - 0 runs, 0 hits, 0 errors, 0 left on base; Lee's Summit 0 - Erie 0 |
TOP OF THE 2ND |
Lee's Summit Tigers batting - Pitching for Erie Jaxx : RHP Miguel Ramos
|
Batting: RHB Tommy Smith
|
0-0: Foul Ball, location: 2F 0-1: Foul Ball, location: 2F 0-2: Ball 1-2: Ball 2-2: Strikes out swinging
|
Batting: RHB José Deleón
|
0-0: Ball 1-0: Ball 2-0: Called Strike 2-1: Ball 3-1: Base on Balls
|
Batting: LHB António Bonaccorsi
|
0-0: Ball 1-0: Ball 2-0: Ball 3-0: Base on Balls José Deleón to second
|
Batting: RHB Josh Martin
|
0-0: Foul Ball, location: 2F 0-1: Called Strike 0-2: Foul Ball, location: 2F 0-2: Ball 1-2: Ground out 4-3 (Groundball, 4S) José Deleón to third António Bonaccorsi to second
|
Batting: RHB Gerardo Romero
|
0-0: Fly out, F5 (Line Drive, 5)
|
Top of the 2nd over - 0 runs, 0 hits, 0 errors, 2 left on base; Lee's Summit 0 - Erie 0 |
BOTTOM OF THE 2ND |
Erie Jaxx batting - Pitching for Lee's Summit Tigers : RHP José Hernández
|
Batting: RHB Danny Morrison
|
0-0: Ball 1-0: Ground out 1-3 (Groundball, 15S)
|
Batting: RHB Edgardo Castro
|
0-0: Ball 1-0: Ball 2-0: Foul Ball, location: 2F 2-1: SINGLE (Line Drive, 34D)
|
Batting: LHB Matt Moore
|
0-0: Ball 1-0: Foul Ball, location: 2F 1-1: Ball Wild Pitch! Edgardo Castro to second 2-1: Ball 3-1: Base on Balls
|
Batting: SHB José Salazar
|
0-0: Called Strike 0-1: Ball 1-1: Ball 2-1: Ball 3-1: Swinging Strike 3-2: Grounds into double play, 4-6-3 (Groundball, 34)
|
Bottom of the 2nd over - 0 runs, 1 hit, 0 errors, 1 left on base; Lee's Summit 0 - Erie 0 |
TOP OF THE 3RD |
Lee's Summit Tigers batting - Pitching for Erie Jaxx : RHP Miguel Ramos
|
Batting: SHB Enrique Bartoccini
|
0-0: Fly out, F9 (Flyball, 9S)
|
Batting: LHB José Guerrero
|
0-0: Ball 1-0: Ball 2-0: Fly out, F7 (Flyball, 78D)
|
Batting: RHB Stephen Segura
|
0-0: Called Strike 0-1: Swinging Strike 0-2: Ground out 4-3 (Groundball, 4S)
|
Top of the 3rd over - 0 runs, 0 hits, 0 errors, 0 left on base; Lee's Summit 0 - Erie 0 |
BOTTOM OF THE 3RD |
Erie Jaxx batting - Pitching for Lee's Summit Tigers : RHP José Hernández
|
Batting: RHB Zachary Gadsden
|
0-0: Ball 1-0: Foul Ball, location: 2F 1-1: Ball 2-1: DOUBLE (Line Drive, 89XD)
|
Batting: RHB José Hernández
|
0-0: Ball 1-0: Called Strike 1-1: Called Strike 1-2: Ball 2-2: Strikes out swinging
|
Batting: RHB Raoul Alkemade
|
0-0: Ball 1-0: Ground out 6-3 (Groundball, 6)
|
Batting: LHB Juan Vásquez
|
0-0: Fly out, F8 (Flyball, 8RD)
|
Bottom of the 3rd over - 0 runs, 1 hit, 0 errors, 1 left on base; Lee's Summit 0 - Erie 0 |
TOP OF THE 4TH |
Lee's Summit Tigers batting - Pitching for Erie Jaxx : RHP Miguel Ramos
|
Batting: LHB Víctor Piña
|
0-0: Called Strike 0-1: Ground out 3-1 (Groundball, 34)
|
Batting: RHB Tommy Smith
|
0-0: Called Strike 0-1: Called Strike 0-2: Foul Ball, location: 2F 0-2: Strikes out looking
|
Batting: RHB José Deleón
|
0-0: Fly out, F3 (Popup, 3SF)
|
Top of the 4th over - 0 runs, 0 hits, 0 errors, 0 left on base; Lee's Summit 0 - Erie 0 |
BOTTOM OF THE 4TH |
Erie Jaxx batting - Pitching for Lee's Summit Tigers : RHP José Hernández
|
Batting: RHB Shane Marshall
|
0-0: Foul Ball, location: 2F 0-1: Swinging Strike 0-2: Strikes out looking
|
Batting: RHB Danny Morrison
|
0-0: Called Strike 0-1: Ball 1-1: Ball 2-1: Foul Ball, location: 2F 2-2: Strikes out swinging
|
Batting: RHB Edgardo Castro
|
0-0: Ball 1-0: Called Strike 1-1: Called Strike 1-2: Foul Ball, location: 2F 1-2: SINGLE (Groundball, 5D)
|
Batting: LHB Matt Moore
|
0-0: Called Strike 0-1: Ball 1-1: Foul Ball, location: 2F 1-2: Foul Ball, location: 2F 1-2: Foul Ball, location: 2F 1-2: Ball 2-2: Ground out 4-3 (Groundball, 4S)
|
Bottom of the 4th over - 0 runs, 1 hit, 0 errors, 1 left on base; Lee's Summit 0 - Erie 0 |
TOP OF THE 5TH |
Lee's Summit Tigers batting - Pitching for Erie Jaxx : RHP Miguel Ramos
|
Batting: LHB António Bonaccorsi
|
0-0: Ground out 4-3 (Groundball, 4)
|
Batting: RHB Josh Martin
|
0-0: Ball 1-0: Called Strike 1-1: Ball 2-1: Ball 3-1: Foul Ball, location: 2F 3-2: SINGLE (Line Drive, 4MD)
|
Batting: RHB Gerardo Romero
|
0-0: Ball 1-0: Called Strike 1-1: Foul Ball, location: 2F 1-2: Foul Ball, location: 2F 1-2: Foul Ball, location: 2F 1-2: Ball 2-2: Strikes out looking
|
Batting: SHB Enrique Bartoccini
|
0-0: Foul Ball, location: 2F 0-1: Ball 1-1: Swinging Strike 1-2: Strikes out swinging
|
Top of the 5th over - 0 runs, 1 hit, 0 errors, 1 left on base; Lee's Summit 0 - Erie 0 |
BOTTOM OF THE 5TH |
Erie Jaxx batting - Pitching for Lee's Summit Tigers : RHP José Hernández
|
Batting: SHB José Salazar
|
0-0: Called Strike 0-1: Called Strike 0-2: Strikes out looking
|
Batting: RHB Zachary Gadsden
|
0-0: Fly out, F8 (Flyball, 8RM)
|
Batting: RHB José Hernández
|
0-0: Ball 1-0: Ball 2-0: Foul Ball, location: 2F 2-1: Called Strike 2-2: Foul Ball, location: 2F 2-2: Fly out, F8 (Flyball, 8RM)
|
Bottom of the 5th over - 0 runs, 0 hits, 0 errors, 0 left on base; Lee's Summit 0 - Erie 0 |
TOP OF THE 6TH |
Lee's Summit Tigers batting - Pitching for Erie Jaxx : RHP Miguel Ramos
|
Batting: LHB José Guerrero
|
0-0: Called Strike 0-1: Foul Ball, location: 2F 0-2: Ball 1-2: Foul Ball, location: 2F 1-2: Strikes out swinging
|
Batting: RHB Stephen Segura
|
0-0: Ball 1-0: Ground out 4-3 (Groundball, 4MD)
|
Batting: LHB Víctor Piña
|
0-0: Ball 1-0: Fly out, F8 (Flyball, 78D)
|
Top of the 6th over - 0 runs, 0 hits, 0 errors, 0 left on base; Lee's Summit 0 - Erie 0 |
BOTTOM OF THE 6TH |
Erie Jaxx batting - Pitching for Lee's Summit Tigers : RHP José Hernández
|
Batting: RHB Raoul Alkemade
|
0-0: Ground out 5-3 (Groundball, 56)
|
Batting: LHB Juan Vásquez
|
0-0: Swinging Strike 0-1: Ball 1-1: Ball 2-1: Ball 3-1: Base on Balls
|
Batting: RHB Shane Marshall
|
0-0: Ball 1-0: Ball 2-0: Ball 3-0: Base on Balls Juan Vásquez to second
|
Batting: RHB Danny Morrison
|
0-0: Fly out, F4 (Popup, 23)
|
Batting: RHB Edgardo Castro
|
0-0: Ball 1-0: Called Strike 1-1: Fielders Choice at 2nd, 6-4 (Groundball, 6)
|
Bottom of the 6th over - 0 runs, 0 hits, 0 errors, 2 left on base; Lee's Summit 0 - Erie 0 |
TOP OF THE 7TH |
Lee's Summit Tigers batting - Pitching for Erie Jaxx : RHP Miguel Ramos
|
Batting: RHB Tommy Smith
|
0-0: Called Strike 0-1: Called Strike 0-2: Strikes out swinging
|
Batting: RHB José Deleón
|
0-0: Hit by Pitch
|
Batting: LHB António Bonaccorsi
|
0-0: Foul Ball, location: 2F 0-1: Swinging Strike 0-2: Strikes out swinging
|
Batting: RHB Josh Martin
|
0-0: Ball 1-0: Fly out, F3 (Line Drive, 3)
|
Top of the 7th over - 0 runs, 0 hits, 0 errors, 1 left on base; Lee's Summit 0 - Erie 0 |
BOTTOM OF THE 7TH |
Erie Jaxx batting - Pitching for Lee's Summit Tigers : RHP José Hernández
|
Batting: LHB Matt Moore
|
0-0: Called Strike 0-1: Ball 1-1: Ball 2-1: Ball 3-1: Foul Ball, location: 2F 3-2: Strikes out swinging
|
Batting: SHB José Salazar
|
0-0: Called Strike 0-1: Foul Ball, location: 2F 0-2: Foul Ball, location: 2F 0-2: Ground out 5-3 (Groundball, 56S)
|
Batting: RHB Zachary Gadsden
|
0-0: Ball 1-0: Called Strike 1-1: Fly out, F8 (Flyball, 8RD)
|
Bottom of the 7th over - 0 runs, 0 hits, 0 errors, 0 left on base; Lee's Summit 0 - Erie 0 |
TOP OF THE 8TH |
Lee's Summit Tigers batting - Pitching for Erie Jaxx : RHP Miguel Ramos
|
Batting: RHB Gerardo Romero
|
0-0: Ball 1-0: Ball 2-0: SINGLE (Groundball, 56D)
|
Pinch Hitting: RHB John Arnold
|
0-0: Sac Bunt - play at first, batter OUT! 1-4 Gerardo Romero to second
|
Batting: LHB José Guerrero
|
0-0: Intentional Walk
|
Batting: RHB Stephen Segura
|
0-0: SINGLE (Groundball, 56D) Gerardo Romero to third José Guerrero to second
|
Batting: LHB Víctor Piña
|
0-0: Grounds into fielders choice 6-2 (Groundball, 6M) José Guerrero to third Stephen Segura to second
|
Batting: RHB Tommy Smith
|
0-0: Ball 1-0: Foul Ball, location: 2F 1-1: Ball 2-1: Foul Ball, location: 2F 2-2: DOUBLE (Flyball, 8LXD) José Guerrero scores Stephen Segura scores Víctor Piña to third
|
Batting: RHB José Deleón
|
0-0: Intentional Walk
|
Batting: LHB António Bonaccorsi
|
0-0: SINGLE (Groundball, 6MD) Víctor Piña scores Tommy Smith to third José Deleón to second Runner from 3rd tries for Home, throw and OUT!
|
Top of the 8th over - 3 runs, 4 hits, 0 errors, 2 left on base; Lee's Summit 3 - Erie 0 |
BOTTOM OF THE 8TH |
Erie Jaxx batting - Pitching for Lee's Summit Tigers : RHP José Hernández
|
Now at SS: Chris Boner
|
|
Batting: RHB José Hernández
|
0-0: Called Strike 0-1: Foul Ball, location: 2F 0-2: SINGLE (Line Drive, 5D)
|
Pitching: RHP Mike Sherman
|
|
Batting: RHB Raoul Alkemade
|
0-0: Ball 1-0: Called Strike 1-1: Called Strike 1-2: Strikes out looking
|
Batting: LHB Juan Vásquez
|
0-0: Called Strike 0-1: Foul Ball, location: 2F 0-2: Ball 1-2: Foul Ball, location: 2F 1-2: Strikes out swinging
|
Batting: RHB Shane Marshall
|
0-0: Called Strike 0-1: Ball 1-1: Ball 2-1: Called Strike 2-2: Strikes out swinging
|
Bottom of the 8th over - 0 runs, 1 hit, 0 errors, 1 left on base; Lee's Summit 3 - Erie 0 |
TOP OF THE 9TH |
Lee's Summit Tigers batting - Pitching for Erie Jaxx : RHP Miguel Ramos
|
Batting: RHB Josh Martin
|
0-0: Called Strike 0-1: SINGLE (Groundball, 56D)
|
Batting: RHB Gerardo Romero
|
0-0: Ball 1-0: Ball 2-0: Ball 3-0: Called Strike 3-1: Base on Balls Josh Martin to second
|
Batting: RHB Chris Boner
|
0-0: Ball 1-0: Called Strike 1-1: Ball 2-1: Called Strike 2-2: Strikes out swinging
|
Batting: LHB José Guerrero
|
0-0: Swinging Strike 0-1: Foul Ball, location: 2F 0-2: Foul Ball, location: 2F 0-2: Strikes out looking
|
Batting: RHB Stephen Segura
|
0-0: Called Strike 0-1: Fielders Choice at 2nd, 6-4 (Groundball, 6)
|
Top of the 9th over - 0 runs, 1 hit, 0 errors, 2 left on base; Lee's Summit 3 - Erie 0 |
BOTTOM OF THE 9TH |
Erie Jaxx batting - Pitching for Lee's Summit Tigers : RHP Mike Sherman
|
Pitching: LHP Luis Sandoval
|
|
Batting: RHB Danny Morrison
|
0-0: Ball 1-0: Ground out 3-1 (Groundball, 34)
|
Batting: RHB Edgardo Castro
|
0-0: Called Strike 0-1: Ball 1-1: Ball 2-1: Called Strike 2-2: Ball 3-2: Base on Balls
|
Batting: LHB Matt Moore
|
0-0: Foul Ball, location: 2F 0-1: Called Strike 0-2: Foul Ball, location: 2F 0-2: Fly out, F7 (Flyball, 7S)
|
Batting: SHB José Salazar
|
0-0: Swinging Strike 0-1: Foul Ball, location: 2F 0-2: Foul Ball, location: 2F 0-2: Ball 1-2: Ball 2-2: Foul Ball, location: 2F 2-2: Ball 3-2: Ground out 5-3 (Groundball, 56S)
|
Bottom of the 9th over - 0 runs, 0 hits, 0 errors, 1 left on base; Lee's Summit 3 - Erie 0 |
|